 Dungeon Crawl Stone Soup version 0.21.1-1-g345015f (webtiles) character file.

5016 robbits the Martial Artist (level 10, -6/70 HPs)
             Began as a Demonspawn Transmuter on May 24, 2018.
             Mangled by an orc warrior
             ... wielding a +0 spear
              (12 damage)
             ... in a bailey on May 25, 2018.
             The game lasted 00:25:00 (8964 turns).

robbits the Martial Artist (Demonspawn Transmuter)  Turns: 8964, Time: 00:25:00

Health: -6/70      AC: 10    Str: 10    XL:     10   Next: 30%
Magic:  0/17       EV: 12    Int: 19    God:
Gold:   561        SH:  0    Dex: 13    Spells: 13/19 levels left

rFire    . . .     SeeInvis +     - Unarmed
rCold    . . .     Gourm    .   (no shield)
rNeg     . . .     Faith    .   q - +0 ring mail
rPois    .         Spirit   +   (helmet restricted)
rElec    .         Reflect  .   v - +0 cloak
rCorr    .         Harm     .   f - +0 pair of gloves
MR       .....                  (no boots)
Stlth    ++........             (no amulet)
HPRegen  0.21/turn              e - ring of wizardry
MPRegen  0.15/turn              A - ring of see invisible

@: about to teleport
A: antennae 2, yellow scales 1, spiny 3, magic shield
a: no special abilities


You were in a bailey.
You were not hungry.

You visited 1 branch of the dungeon, and saw 7 of its levels.
You also visited: Sewer, Ossuary and Bailey.

You collected 561 gold pieces.

Inventory:

Missiles
 a - 82 arrows
 w - a throwing net (quivered)
Armour
 b - a +0 robe
 f - a +0 pair of gloves (worn)
 q - a +0 ring mail (worn)
 v - a +0 cloak (worn)
 z - a +1 robe
 F - a +3 chain mail
Magical Staves
 r - an uncursed staff of fire {unknown}
Jewellery
 e - a ring of wizardry (left hand)
 p - an uncursed ring of protection from fire
 A - a ring of see invisible (right hand)
 B - an uncursed ring of wizardry
Wands
 y - a wand of polymorph (18)
Scrolls
 g - 2 scrolls of acquirement {unknown}
 k - 3 scrolls of teleportation
 m - a scroll of blinking {unknown}
 n - 4 scrolls of remove curse
 o - a scroll of fog {unknown}
 t - a scroll of fear {unknown}
 u - 2 scrolls of enchant weapon {unknown}
 x - 2 scrolls of amnesia
 E - a scroll of enchant armour {unknown}
Potions
 h - 4 potions of cancellation
 i - 2 potions of agility
 j - a potion of magic {unknown}
 l - a potion of heal wounds {unknown}
 s - 9 potions of curing
 C - a potion of lignification {unknown}
 D - a potion of ambrosia {unknown}
 G - 2 potions of might
 H - 2 potions of haste
 I - 2 potions of resistance {unknown}
Books
 c - a book of Changes

   Spells                             Type                      Level
   a - Beastly Appendage              Transmutation                1
   b - Sticks to Snakes               Transmutation                2
   c - Spider Form                    Transmutation/Poison         3
   d - Ice Form                       Ice/Transmutation            4
   e - Blade Hands                    Transmutation                5
Comestibles
 d - 13 rations
 J - 2 chunks of flesh


   Skills:
 + Level 3.3 Fighting
 + Level 4.3 Armour
 + Level 4.9 Dodging
 + Level 2.9 Stealth
 + Level 10.0 Unarmed Combat
 + Level 5.2 Spellcasting
 + Level 4.3 Transmutations
 + Level 1.2 Poison Magic


You had 13 spell levels left.
You knew the following spells:

 Your Spells              Type           Power        Failure   Level  Hunger
a - Beastly Appendage     Tmut           ###...       1%          1    None
b - Sticks to Snakes      Tmut           ###.....     2%          2    #......
c - Spider Form           Tmut/Pois      ###.......   11%         3    ##.....


Dungeon Overview and Level Annotations

Branches:
Dungeon (7/15)             Temple (0/1) D:7

Altars:
Ashenzari
Dithmenos
Kikubaaqudgha
Okawaru

Shops:
D:7 (


Innate Abilities, Weirdness & Mutations

You have a pair of antennae on your head.
You are partially covered in yellow scales. (AC +2)
You are completely covered in sharp spines.
When hurt, damage is shared between your health and your magic reserves.


Message History

* * * LOW HITPOINT WARNING * * *
Okay, then.
The orc warrior closely misses you.
Things that are here:
a halberd; a ring mail
Things that are here:
a glaive; a chain mail
Things that are here:
a war axe; a halberd
There is an open door here.
Things that are here:
a war axe x2
Your transformation has ended.
Your +0 cloak unmelds from your body.
Your +0 pair of gloves unmelds from your body.
Your +0 ring mail unmelds from your body.
As you read the scroll of teleportation, it crumbles to dust.
You feel strangely unstable.
The orc warrior hits you from afar with a spear!
You die...

############ ####
##.∩........## ##...
#..))))).....######....
#....))).....#)...#)...
#∩....@.oo...))))))).).
#............#..).#....
#............######....
##.∩........## ##...
############ ####


You could see 2 orc warriors.

Vanquished Creatures
  A two-headed ogre (D:7)
  A hippogriff (D:7)
  Duvessa (D:4)
  3 phantoms
  Purgy (Sewer)
  10 orc warriors (Bailey)
  A sky beast (D:6)
  3 black bears
  4 ogres
  Blork the orc (D:7)
  2 bullfrogs
  3 water moccasin zombies (Ossuary)
  Dowan (D:4)
  A wyvern skeleton (D:7)
  2 scorpions
  A howler monkey (D:7)
  2 bullfrog zombies
  3 crimson imps
  3 hounds
  A jelly (D:7)
  7 orc priests
  2 bullfrog skeletons
  Jessica (D:2)
  Terence (D:2)
  An iguana (D:5)
  4 orc wizards
  6 worker ants
  7 big kobold zombies (Ossuary)
  A hound skeleton (D:5)
  3 mummies
  A worker ant zombie (D:6)
  11 gnolls
  A howler monkey skeleton (D:7)
  12 adders
  2 shadow imps (D:7)
  3 oozes
  6 adder zombies (Ossuary)
  4 worms
  4 dart slugs
  9 leopard geckos
  48 orcs
  11 bats
  A giant cockroach (D:1)
  4 goblins
  10 hobgoblins
  10 jackals
  5 quokkas
  3 ball pythons (D:3)
  7 frilled lizards
  A gnoll zombie (Ossuary)
  A hobgoblin zombie (Ossuary)
  A jackal skeleton (D:4)
  10 kobolds
  6 kobold zombies (Ossuary)
  A leopard gecko skeleton (D:4)
  5 orc zombies (Ossuary)
  16 rats
271 creatures vanquished.

Notes
Turn   | Place    | Note
-------+----------+-------------------------------------------
     0 | D:1      | robbits the Demonspawn Transmuter began the quest for the Orb.
     0 | D:1      | Reached XP level 1. HP: 15/15 MP: 3/3
    57 | D:1      | Reached skill level 3 in Unarmed Combat
   200 | D:1      | Gained mutation: You have a pair of small antennae on your head. [demonic ancestry]
   200 | D:1      | Reached XP level 2. HP: 2/21 MP: 3/5
  1449 | D:1      | Gained mutation: You are partially covered in sharp spines. [demonic ancestry]
  1449 | D:1      | Reached XP level 3. HP: 26/26 MP: 6/6
  1936 | D:1      | Learned a level 2 spell: Sticks to Snakes
  1940 | D:1      | Learned a level 3 spell: Spider Form
  2574 | D:2      | Noticed Jessica
  2584 | D:2      | Killed Jessica
  2584 | D:2      | Reached XP level 4. HP: 32/32 MP: 2/7
  2615 | D:2      | Noticed Terence
  2635 | D:2      | Killed Terence
  2635 | D:2      | Reached skill level 4 in Unarmed Combat
  2950 | D:2      | Gained mutation: When hurt, damage is shared between your health and your magic reserves. [demonic ancestry]
  2950 | D:2      | Reached XP level 5. HP: 37/37 MP: 9/9
  3685 | D:3      | Gained mutation: You are partially covered in yellow scales. (AC +2) [demonic ancestry]
  3685 | D:3      | Reached XP level 6. HP: 43/43 MP: 10/10
  3720 | D:3      | Reached skill level 1 in Armour
  3891 | D:3      | Found an ancient bone altar of Kikubaaqudgha.
  4162 | D:4      | Reached skill level 5 in Unarmed Combat
  4606 | D:4      | Noticed Duvessa
  4606 | D:4      | Noticed Dowan
  4627 | D:4      | Killed Duvessa
  4627 | D:4      | Gained mutation: You are mostly covered in sharp spines. [demonic ancestry]
  4627 | D:4      | Reached XP level 7. HP: 39/50 MP: 8/12
  4634 | D:4      | Killed Dowan
  5239 | D:5      | Entered Level 5 of the Dungeon
  5310 | D:5      | Found a shadowy altar of Dithmenos.
  5356 | D:5      | Reached skill level 6 in Unarmed Combat
  5383 | D:5      | Found an iron altar of Okawaru.
  5461 | D:5      | Reached XP level 8. HP: 37/57 MP: 11/13
  6021 | D:5      | Reached skill level 1 in Stealth
  6154 | D:6      | Found a sand-covered staircase.
  6164 | Ossuary  | Entered an ossuary
  6253 | Ossuary  | Reached skill level 7 in Unarmed Combat
  6730 | D:6      | Found a glowing drain.
  6734 | Sewer    | Entered a sewer
  6756 | Sewer    | Noticed Purgy
  6775 | Sewer    | Killed Purgy
  6945 | D:6      | Found a shattered altar of Ashenzari.
  6954 | D:6      | Gained mutation: You have a pair of antennae on your head. [demonic ancestry]
  6954 | D:6      | Reached XP level 9. HP: 61/63 MP: 13/15
  7002 | D:6      | Reached skill level 8 in Unarmed Combat
  7491 | D:7      | Noticed Blork the orc
  7572 | D:7      | Noticed a two-headed ogre
  7594 | D:7      | Killed a two-headed ogre
  7594 | D:7      | Reached skill level 9 in Unarmed Combat
  7600 | D:7      | Reached skill level 5 in Spellcasting
  7600 | D:7      | Reached skill level 1 in Poison Magic
  7734 | D:7      | Found a staircase to the Ecumenical Temple.
  7877 | D:7      | Gained mutation: You are completely covered in sharp spines. [demonic ancestry]
  7877 | D:7      | Reached XP level 10. HP: 70/70 MP: 17/17
  7878 | D:7      | Found Pourchuw's Weapon Shoppe.
  7960 | D:7      | Killed Blork the orc
  8012 | D:7      | Found a flagged portal.
  8019 | Bailey   | Entered a bailey
  8772 | Bailey   | Reached skill level 10 in Unarmed Combat
  8952 | Bailey   | HP: 3/70 [orc warrior/halberd (22)]
  8964 | Bailey   | Mangled by an orc warrior

Skill      XL: |  1  2  3  4  5  6  7  8  9 10 |
---------------+-------------------------------+-----
Unarmed Combat | 3 4 5 6 7 9 10 | 10.0
Dodging        | 2 3 4 |  4.9
Transmutations | 2 3 4 |  4.3
Spellcasting   | 3 4 5 |  5.2
Armour         | 1 2 3 4 |  4.3
Fighting       | 2 3 |  3.3
Stealth        | 1 2 |  2.9
Poison Magic   | 1 |  1.2

Action                   |  1- 3 |  4- 6 |  7- 9 | 10-12 || total
-------------------------+-------+-------+-------+-------++-------
Melee: Unarmed           |   155 |   205 |   443 |   107 ||   910
       Kick              |    11 |    33 |    68 |     4 ||   116
       Punch             |     1 |     1 |     9 |       ||    11
 Cast: Beastly Appendage |    17 |    17 |    31 |     3 ||    68
       Spider Form       |     2 |     2 |     5 |     8 ||    17
       Sticks to Snakes  |       |     3 |       |     1 ||     4
  Use: Scroll            |     1 |     3 |     8 |     1 ||    13
       Potion            |       |       |     1 |     5 ||     6
 Stab: Sleeping          |     2 |       |     1 |       ||     3
       Invisible         |       |       |       |     8 ||     8
  Eat: Chunk             |     4 |     9 |     8 |     4 ||    25
       Ration            |       |       |     1 |       ||     1
Armor: Robe              |    15 |     2 |       |       ||    17
       Ring mail         |       |    35 |   124 |     5 ||   164
       Skin              |       |     2 |       |     1 ||     3
Dodge: Dodged            |    85 |    98 |   202 |   155 ||   540
